 Dungeon Crawl Stone Soup version 0.32-a0-814-g0968bab981 (webtiles) character file.

Game seed: 11323519694791501173

6032 Nvm9 the Blocker (level 10, -5/77 HPs)
             Began as a Demonspawn Fighter on Mar 22, 2024.
             Was a Priest of Qazlal.
             Killed by an exploding elephant (27 damage)
             ... ignited by their inner flame
             ... on level 9 of the Dungeon.
             The game lasted 00:15:38 (7488 turns).

Nvm9 the Blocker (Demonspawn Fighter)               Turns: 7488, Time: 00:15:38

Health: -5/77      AC: 25    Str: 24    XL:     10   Next: 56%
Magic:  10/10      EV:  6    Int:  9    God:    Qazlal [***...]
Gold:   355        SH: 10    Dex: 17    Spells: 9/9 levels left

rFire   x . .        a - +1 war axe
rCold   . . .        c - +0 buckler
rNeg    . . .        o - +0 plate armour
rPois   .            p - +1 helmet
rElec   .            B - +2 cloak {rCorr}
rCorr   +            (gloves unavailable)
SInv    .            r - +1 pair of boots
Will    .....        (no amulet) Stlth
                     u - +4 ring of protection
HPRegen 0.32/turn    v - +6 ring of dexterity
MPRegen 0.12/turn

%: no passive effects
@: no status effects
A: foul stench 1, spiny 1, demonic touch 3, strong 1, evolution 1, heat
vulnerability 1
a: Renounce Religion, Upheaval, Elemental Force


You were on level 9 of the Dungeon.
You worshipped Qazlal.
Qazlal was most pleased with you.
You visited 2 branches of the dungeon, and saw 10 of its levels.

You collected 477 gold pieces.
You spent 122 gold pieces at shops.

Inventory:

Hand Weapons
 a - a +1 war axe (weapon)
 m - a +6 trident of flaming
 A - a +3 long sword of pain
 J - a +2 battleaxe of freezing
Missiles
 w - 3 poisoned darts (quivered)
Armour
 c - a +0 buckler (worn)
 i - a +0 helmet
 o - a +0 plate armour (worn)
 p - a +1 helmet (worn)
 r - a +1 pair of boots (worn)
 B - a +2 cloak of preservation (worn)
 D - a +2 robe of willpower
 E - +0 steam dragon scales
Magical Staves
 q - the staff "Lemam" {Will+ Dex+2 Conj Hexes Fire}
   (You found it on level 4 of the Dungeon)

   [staff of conjuration]

   Base accuracy: +5 Base damage: 5 Base attack delay: 1.2 This weapon's minimum
   attack delay (0.6) is reached at skill level 12.
   Dex+2:     It affects your dexterity (+2).
   Will+:     It increases your willpower.
   Conj:      It increases the power of your Conjurations spells.
   Hexes:     It increases the power of your Hexes spells.
   Fire:      It increases the power of your Fire spells.
   It falls into the 'Staves' category.
   It is a one-handed weapon.
Jewellery
 f - a ring of positive energy
 g - a ring of resist corrosion
 n - a ring of ice
 u - a +4 ring of protection (left hand)
 v - a +6 ring of dexterity (right hand)
 x - an amulet of the acrobat
Wands
 b - a wand of acid (10)
 t - a wand of polymorph (7)
 C - a wand of warping (8)
Scrolls
 e - 10 scrolls of identify
 h - 3 scrolls of fog
 s - 2 scrolls of noise
 y - a scroll of enchant weapon
 F - a scroll of poison
 H - a scroll of butterflies
Potions
 d - a potion of might
 j - a potion of attraction
 k - 2 potions of curing
 l - a potion of heal wounds
 z - a potion of invisibility
 I - a potion of lignification


   Skills:
 + Level 6.8 Fighting
 * Level 8.1 Axes
 * Level 8.3 Armour
 * Level 8.3 Shields


You had 9 spell levels left.
You didn't know any spells.
Your spell library contained the following spells:

 Spells                   Type           Power      Damage    Failure   Level
 Apportation              Tloc           0%         N/A       99%         1
 Necrotise                Necr           0%         1d4       99%         1
 Sting                    Conj/Alch      0%         1d3       99%         1
 Summon Small Mammal      Summ           0%         N/A       99%         1
 Mercury Vapours          Alch/Air       0%         N/A       100%        2
 Mephitic Cloud           Conj/Alch/Air  0%         N/A       100%        3
 Passwall                 Erth           0%         N/A       100%        3
 Volatile Blastmotes      Fire/Tloc      0%         2d10      100%        3
 Freezing Cloud           Conj/Ice/Air   0%         6-21      100%        5
 Bombard                  Conj/Erth      0%         9d1       100%        6


Dungeon Overview and Level Annotations

Branches:
Dungeon (9/15)             Temple (1/1) D:5
   Lair: D:8-11         Orc: D:9-12

Altars:
Ashenzari
Cheibriados
Dithmenos
Fedhas
Gozag
Hepliaklqana
Kikubaaqudgha
Makhleb
Nemelex Xobeh
Okawaru
Qazlal
Ru
Sif Muna
Trog
Uskayaw
Vehumet
Wu Jian
Xom
Yredelemnul

Shops:
D:7 *=[(!

Annotations:
D:9 Pikel


Innate Abilities, Weirdness & Mutations

You may rarely emit foul miasma when damaged in melee.
You are partially covered in sharp spines.
Your touch may irresistibly damage your foes and sap their willpower.
Your muscles are strong. (Str +4, Int/Dex -1)
You have hidden genetic potential.
You are vulnerable to heat. (rF-)


Message History

The elephant trunk-slaps you but does no damage.
You hear an angry buzzing noise.
A killer bee comes into view.
The killer bee buzzes angrily.
You hear an angry buzzing noise.
A killer bee comes into view.
As you read the scroll of immolation, it crumbles to dust.
The creatures around you are filled with an inner flame!
You hear an angry buzzing noise.
A killer bee comes into view.
A lemure comes into view.
You block the elephant's attack. The elephant barely misses you.
The elephant tramples you but does no damage.
You block the elephant's attack.
The killer bee stings you but does no damage.
The elephant attacks as it pursues you! You block the elephant's attack. x2
The killer bee is struck by your spines.
Flame seeps out of the killer bee.
The killer bee barely misses you.
You hear an angry buzzing noise.
A killer bee comes into view.
The killer bee is engulfed in blazing flames.
Flame seeps out of the killer bee.
The elephant tramples you.
You hold your ground!
The elephant trunk-slaps you but does no damage.
The killer bee is engulfed in blazing flames.
Qazlal accepts your kill.
The killer bee explodes!
The fiery explosion engulfs the elephant!!
Flame seeps out of the elephant.
The elephant is almost dead.
The fiery explosion engulfs you!! The fire burns you terribly!
* * * LOW HITPOINT WARNING * * *
The fiery explosion engulfs the killer bee!!
Qazlal accepts your kill.
The killer bee explodes!
The fiery explosion engulfs Pikel!!
Flame seeps out of Pikel.
Pikel is heavily wounded.
The fiery explosion engulfs the elephant!!
Qazlal accepts your kill.
The elephant explodes!
The fiery explosion engulfs you!! The fire burns you terribly!
You die...

.....# #.# #..#
#.. ....# #.#
#..####.. ...# #.#
#.......# #y.#
#.###.......# #..#
#...........#
#§.###......####.#
#○§K5.......# #.#
#°☼##.......# #.#
#@§##.......# #.#
#..##.......# #.#
#..##.......#
...##....5..#
....##.......#
#...##.........
#...##....?.....
#...##..####...P.
... ..P..


You could see Pikel (inner flame), a lemure and a killer bee.

Vanquished Creatures
  Maurice (D:7)
  An elephant (D:9)
  Maggie (D:7)
  11 yaks
  A steam dragon (D:8)
  Edmund (D:6)
  Menkaure (D:7)
  Duvessa (D:7)
  An acid dragon (D:9)
  2 sky beasts
  An orc warrior (D:8)
  3 black bears
  An ice beast (D:7)
  4 centaurs
  2 ogres
  3 scorpions
  3 bullfrogs
  A gnoll sergeant (D:6)
  11 wights
  Dowan (D:7)
  10 killer bees
  2 howler monkeys (D:8)
  A bombardier beetle (D:4)
  A jelly (D:5)
  A gnoll bouda (D:7)
  2 hounds
  An orc priest (D:8)
  4 sleepcaps
  2 iguanas (D:5)
  An orc wizard (D:5)
  Robin (D:4)
  7 gnolls
  7 adders
  A shadow imp (D:5)
  A white imp (D:8)
  3 ribbon worms
  5 dart slugs
  14 orcs
  9 ball pythons
  3 endoplasms
  5 giant cockroaches
  12 goblins
  14 hobgoblins
  7 jackals
  10 kobolds
  5 quokkas
  5 bats
  7 frilled lizards
  2 rats (D:1)
194 creatures vanquished.

Notes
Turn   | Place    | Note
-------+----------+-------------------------------------------
     0 | D:1      | Nvm9 the Demonspawn Fighter began the quest for the Orb.
     0 | D:1      | Reached XP level 1. HP: 18/18 MP: 1/1
    60 | D:1      | Gained mutation: You are partially covered in sharp spines.
                  | [demonic ancestry]
    60 | D:1      | Reached XP level 2. HP: 23/24 MP: 2/2
   356 | D:1      | Gained mutation: Your touch may inflict minor irresistible
                  | damage on your foes. [demonic ancestry]
   356 | D:1      | Reached XP level 3. HP: 29/29 MP: 3/3
   907 | D:2      | Found a faded altar of an unknown god.
  1026 | D:2      | Gained mutation: You may rarely emit foul miasma when
                  | damaged in melee. [demonic ancestry]
  1026 | D:2      | Reached XP level 4. HP: 33/35 MP: 4/4
  1190 | D:2      | Found a stormy altar of Qazlal.
  1516 | D:2      | Became a worshipper of Qazlal Stormbringer
  2136 | D:3      | Found a broken altar of Ashenzari.
  2218 | D:4      | Found a shimmering altar of Xom.
  2231 | D:4      | Noticed Robin
  2242 | D:4      | Reached * piety under Qazlal
  2246 | D:4      | Killed Robin
  2247 | D:4      | Reached XP level 5. HP: 22/41 MP: 5/5
  2438 | D:4      | Reached XP level 6. HP: 24/48 MP: 6/6
  2693 | D:4      | Identified the staff "Lemam" {Will+ Dex+2 Conj Hexes Fire}
  2858 | D:5      | Entered Level 5 of the Dungeon
  2924 | D:5      | Noticed a yak
  2928 | D:5      | Noticed a yak
  2934 | D:5      | Noticed a yak
  2936 | D:5      | Noticed a yak
  2936 | D:5      | Killed a yak
  2937 | D:5      | Reached XP level 7. HP: 42/54 MP: 7/7
  2973 | D:4      | Killed a yak
  3091 | D:4      | Killed a yak
  3092 | D:4      | Reached skill level 5 in Armour
  3092 | D:4      | Reached skill level 5 in Shields
  3145 | D:5      | Killed a yak
  3146 | D:5      | Reached XP level 8. HP: 46/61 MP: 8/8
  3309 | D:5      | Reached skill level 5 in Axes
  3461 | D:5      | Found a staircase to the Ecumenical Temple.
  3473 | Temple   | Entered the Ecumenical Temple
  3852 | D:6      | Noticed Edmund
  3865 | D:6      | Killed Edmund
  3866 | D:6      | Reached skill level 5 in Fighting
  3977 | D:6      | Reached ** piety under Qazlal
  4528 | D:7      | Gained mutation: Your touch may inflict irresistible damage
                  | on your foes. [demonic ancestry]
  4528 | D:7      | Reached XP level 9. HP: 68/68 MP: 9/9
  4534 | D:7      | Noticed Menkaure
  4541 | D:7      | Killed Menkaure
  4572 | D:7      | Found Ucev's Armour Shoppe.
  4594 | D:7      | Found Zoelaarum's Jewellery Shoppe.
  4871 | D:7      | Found Figram's Distillery.
  4886 | D:7      | Bought a potion of mutation for 88 gold pieces
  4886 | D:7      | Gained mutation: You are vulnerable to heat. (rF-) [potion
                  | of mutation]
  4886 | D:7      | Gained mutation: You have hidden genetic potential. [potion
                  | of mutation]
  4889 | D:7      | Found Assosis's Weapon Shop.
  5047 | D:7      | Noticed Maggie
  5056 | D:7      | Killed Maggie
  5351 | D:7      | Noticed Maurice
  5374 | D:7      | Something stole 165 gold
  5388 | D:7      | Something stole 124 gold
  5390 | D:7      | Something stole an amulet of the acrobat
  5571 | D:7      | Maurice stole the staff "Lemam" {Will+ Dex+2 Conj Hexes
                  | Fire}
  5577 | D:7      | Something stole 3 poisoned darts
  5581 | D:7      | Something stole 3 gold
  5762 | D:7      | Killed Maurice
  5924 | D:7      | Found Focvinucw's Assorted Antiques.
  5927 | D:7      | Bought a scroll labelled ETHRYU ANEHO for 34 gold pieces
  6091 | D:7      | Noticed Duvessa
  6093 | D:7      | Noticed Dowan
  6101 | D:7      | Killed Duvessa
  6120 | D:7      | Killed Dowan
  6290 | D:8      | Found an ornate altar of the Wu Jian Council.
  6290 | D:8      | Found an opulent altar of Gozag.
  6292 | D:8      | Found a sacrificial altar of Ru.
  6292 | D:8      | Found a blossoming altar of Fedhas.
  6493 | D:8      | Gained mutation: Your touch may irresistibly damage your
                  | foes and sap their willpower. [demonic ancestry]
  6493 | D:8      | Reached XP level 10. HP: 76/76 MP: 10/10
  6721 | D:8      | Found a bloodstained altar of Trog.
  6825 | D:8      | Reached *** piety under Qazlal
  6841 | D:8      | Gained mutation: Your muscles are strong. (Str +4, Int/Dex
                  | -1) [hidden potential]
  7431 | D:9      | Found a hazy altar of Hepliaklqana.
  7469 | D:9      | Noticed an elephant
  7474 | D:9      | Noticed Pikel
  7488 | D:9      | Killed an elephant
  7488 | D:9      | Killed by an exploding elephant... ignited by their inner
                  | flame

Illustrated notes

Levels and vault maps discovered:
D:1:      roderic_crossed_star, layout_basic
D:2:      kennysheep_six_static_rooms, layout_basic,
          ebering_ecumenical_altar_abandoned, basic_altar
D:3:      layout_basic, general_overflow_altar, minivault_4, chequers_arboretum
D:4:      layout_rooms, mainiacjoe_overflow_paths, nicolae_tricolors, uniq_robin
D:5:      layout_loops_ring, minmay_temple_entry_stoned_glass, dk_noncrumbling_4
D:6:      layout_rooms, hangedman_decor_diamond_cutter, uniq_edmund
D:7:      layout_loops_ring, serial_shops, nicolae_shop_waterfront,
          kennysheep_mini, shop, shop, shop, uniq_menkaure, uniq_maurice,
          uniq_duvessa, uniq_maggie
D:8:      layout_loops_cross, trog_ov_bears_minmay,
          chequers_temple_overflow_statue_of_worship,
          dreamdust_princess_corridor
D:9:      layout_long_grid, mainiacjoe_overflow_cross_hatched,
          grunt_lair_entry_orc_guard_hut, uniq_pikel
Temple:   nicolae_temple_bog_church

Skill      XL: |  1  2  3  4  5  6  7  8  9 10 |
---------------+-------------------------------+-----
Axes           | 2 3 4 6 7 8 |  8.1
Armour         | 3 4 5 6 7 8 |  8.3
Shields        | 3 4 5 6 7 8 |  8.3
Fighting       | 4 5 6 |  6.8

Action                     |  1- 3 |  4- 6 |  7- 9 | 10-12 || total
---------------------------+-------+-------+-------+-------++-------
  Melee: War axe           |    90 |   100 |   284 |   115 ||   589
  Evoke: Wand              |       |       |     1 |       ||     1
    Use: Scroll            |     3 |       |    10 |     2 ||    15
         Potion            |       |     4 |     8 |       ||    12
 Armour: Scale mail        |    63 |    22 |       |       ||    85
         Plate armour      |       |    72 |   289 |   101 ||   462
  Dodge: Dodged            |    30 |    30 |    49 |    30 ||   139
  Block: Buckler           |    19 |    29 |   111 |    72 ||   231

Table legend: (Time is in decaauts)
 A = Elapsed time spent in this place.
 B = Non-inter-level travel time spent in this place.
 C = Inter-level travel time spent in this place.
 D = Time resting spent in this place.
 E = Time spent auto-exploring this place.
 F = Levels seen in this place.
 G = Mean time per level.
                   A        B        C        D        E       F      G
               +--------+--------+--------+--------+--------+-----+--------+
         Total |   7630 |   7444 |    186 |   1354 |   4465 |  10 |  763.0 |
       Dungeon |   7628 |   7443 |    185 |   1354 |   4465 |   9 |  847.6 |
        Temple |      1 |      0 |      1 |      0 |      0 |   1 |    1.0 |
               +--------+--------+--------+--------+--------+-----+--------+

Top non-repeatable levels by time:
     D:8: 1425 daAuts
     D:7: 1399 daAuts
     D:4: 837 daAuts
     D:2: 836 daAuts
     D:5: 785 daAuts
     D:1: 739 daAuts
     D:6: 714 daAuts
     D:3: 694 daAuts
     D:9: 195 daAuts
  Temple: 1 daAuts
